[Event "Mongolian Championship Open 2022"]
[Site "Chingis Khentii"]
[Date "2022.05.15"]
[Round "1.1"]
[White "Boldoo, Erdenepurev"]
[Black "Batchuluun, Tsegmed"]
[Result "0-1"]
[ECO "E52"]
[WhiteElo "2371"]
[BlackElo "2536"]
[Annotator "TA"]
[PlyCount "42"]
[EventDate "2022.05.12"]
[EventType "tourn"]
[EventCountry "MGL"]
[SourceTitle "playchess.com"]
[Source "ChessBase"]
[SourceQuality "1"]
[TimeControl "40/5400+30:1800+30"]

1. d4 Nf6 2. c4 e6 3. Nc3 Bb4 4. e3 b6 5. Bd2 Bb7 6. Nf3 O-O 7. Rc1 d5 8. cxd5 exd5 9. Bd3 Nbd7 10. O-O a6 {E52: Nimzo-Indian: Rubinstein: 4...0-0 5 Nf3 d5 6 Bd3 b6.} 11. a4 {[%emt 0:00:30] [#]} Re8 $146 ({Predecessor:} 11... Qe7 12. Na2 Bd6 13. a5 Ne4 14. axb6 cxb6 15. Qb3 b5 16. Ba5 Rfc8 17. h3 h5 18. Bb4 {1-0 (50) Kovalenko,I (2644)-Gukesh,D (2578) Riga 2021}) 12. Na2 Bd6 {Black has an edge.} 13. a5 c5 14. axb6 c4 15. Bc2 a5 16. b3 (16. Nc3 $11) 16... Nxb6 $15 17. Nc3 Ne4 {[%emt 0:00:30] Black is more active.} 18. bxc4 Nxc4 19. Bxe4 Re6 $2 {[%emt 0:00:30][%mdl 8192] [#]} (19... dxe4 $17 20. Nxe4 Nxe3 21. fxe3 Bxe4) 20. Bxd5 $18 Nxd2 21. Nxd2 Bxh2+ {[%emt 0:00:30][%mdl 32768] Weighted Error Value: White=0.14 (very precise) /Black=0.58. Loss on time!?} 0-1

[Event "Mongolian Championship Open 2022"]
[Site "Chingis Khentii"]
[Date "2022.05.15"]
[Round "1.2"]
[White "Gundavaa, Bayarsaikhan"]
[Black "Battulga, Namkhai"]
[Result "1-0"]
[ECO "C42"]
[WhiteElo "2495"]
[BlackElo "2402"]
[Annotator "TA"]
[PlyCount "117"]
[EventDate "2022.05.12"]
[EventType "tourn"]
[EventCountry "MGL"]
[SourceTitle "playchess.com"]
[Source "ChessBase"]
[SourceQuality "1"]
[TimeControl "40/5400+30:1800+30"]

1. e4 e5 2. Nf3 Nf6 3. Nxe5 d6 4. Nf3 Nxe4 5. d4 d5 6. Bd3 Be7 7. O-O Nc6 8. Nbd2 Nxd2 9. Bxd2 Bg4 10. c3 O-O {[%emt 0:01:00] C42: Petroff Defence: 3 Nxe5 and unusual White 3rd moves.} 11. h3 Bh5 12. g3 Bd6 {White is slightly better.} 13. Kg2 {[%emt 0:02:00] [#]} Rb8 $146 ({Predecessor:} 13... h6 14. Qc2 Ne7 15. Nh4 f5 16. f4 Qd7 17. Rae1 Rae8 18. Nf3 b6 19. Ne5 Bxe5 20. fxe5 {1-0 (73) Lebedev,V (2472)-Varlamov,F (2273) ICCF email 2014}) 14. Qc2 Bg6 15. Bxg6 fxg6 16. Rae1 Qf6 17. Ng5 {[%emt 0:00:30] Black should prevent Qb3.} h6 18. Ne6 Rf7 19. Qd3 {[%emt 0:01:00] Active counter play!} (19. Bf4 $5) 19... Re8 (19... Re7 $5 20. Nf4 Bxf4 21. Bxf4 g5 22. Rxe7 Qxe7 $11) 20. Nf4 Rxe1 21. Rxe1 Bxf4 22. Bxf4 Ne7 23. Qe2 c6 24. Be5 Qe6 25. g4 g5 26. Qd3 Ng6 {[%emt 0:00:30][%cal Oe6e5] ...Qxe5! is the strong threat.} 27. Re3 Nxe5 28. Rxe5 $11 {[%emt 0:01:00][%mdl 4096] Endgame KQR-KQR} Qf6 29. Qe3 Rf8 {[#]} (29... Qg6 $11) 30. b3 (30. Re6 $1 $16 Qf4 31. Re7) 30... Qf4 (30... Qg6 $11) 31. c4 (31. Re7 $16) 31... dxc4 32. bxc4 Qf7 33. d5 cxd5 34. cxd5 Rd8 (34... Qc7 $11) 35. Rf5 Qd7 (35... Qe8 $11) 36. Qxa7 $16 Re8 37. Qd4 Qd6 38. Rf3 Re5 {[%emt 0:01:00] [#]} 39. Rd3 $1 b5 (39... b6 $16 40. a4 Kf7) 40. a3 Re2 (40... Re8 {keeps fighting.} 41. Rc3 Qe5) 41. Rc3 Qf4 $2 (41... Qe5 {was necessary.} 42. Qxe5 Rxe5) 42. Qxf4 $18 gxf4 {KR-KR} 43. Rd3 {[%emt 0:01:00] Prevents Rd2.} Kf7 44. Kf3 Rc2 45. Kxf4 (45. d6 Ke8 46. Kxf4 Rxf2+ 47. Ke5 Re2+ 48. Kf5 g5 $18) 45... Rxf2+ 46. Ke3 Rc2 47. Kd4 Rc4+ (47... Ke7 $142 48. Re3+ Kd7) 48. Ke5 b4 $2 (48... Ke7 49. Rb3 Rc5) 49. axb4 Rxb4 50. d6 {[%emt 0:01:30][%cal Bd5d6,Bd6d7][%mdl 32] d7 would kill now.} Ke8 51. Kf5 Rb5+ 52. Ke6 {[%emt 0:00:30] Intending Rc3 and mate.} Rg5 53. d7+ {[%emt 0:00:30] White mates.} Kd8 54. Kf7 h5 55. Rd4 Re5 56. Kxg7 h4 57. Rd3 Re1 58. g5 Rg1 59. g6 {[%emt 0:00:30] Weighted Error Value: White=0.12 (very precise) /Black=0.43} 1-0

[Event "Mongolian Championship Open 2022"]
[Site "Chingis Khentii"]
[Date "2022.05.15"]
[Round "1.3"]
[White "Gan-Erdene, Sugar"]
[Black "Batsuren, Dambasuren"]
[Result "1/2-1/2"]
[ECO "E11"]
[WhiteElo "2419"]
[BlackElo "2501"]
[Annotator "TA"]
[PlyCount "60"]
[EventDate "2022.05.12"]
[EventType "tourn"]
[EventCountry "MGL"]
[SourceTitle "playchess.com"]
[Source "ChessBase"]
[SourceQuality "1"]
[TimeControl "40/5400+30:1800+30"]

1. d4 Nf6 2. c4 e6 3. g3 d5 4. Nf3 Bb4+ 5. Bd2 a5 6. Qc2 O-O 7. Bg2 c5 {E11: Bogo-Indian.} 8. cxd5 {[%emt 0:00:30] 8.cxd5 scores better than 8.dxc5.} cxd4 9. Bxb4 axb4 {[%emt 0:00:30] The position is equal.} 10. Nxd4 Qb6 11. e3 exd5 12. O-O Nc6 13. Nxc6 bxc6 14. Nd2 {[%emt 0:00:30] [#]} Be6 $146 ({Predecessor:} 14... Bd7 15. Nb3 Rfb8 16. Rfc1 h5 17. Nc5 Be8 18. a4 bxa3 19. bxa3 Ra5 20. Bh3 Qa7 {0-1 (39) Hossain,E (2426)-Sunilduth Lyna,N (2618) Dhaka 2021}) 15. Nb3 Rfc8 16. Nc5 Bf5 17. Qxf5 Qxc5 18. Rfc1 Qd6 19. Rd1 g6 20. Qc2 Qe7 21. a3 bxa3 22. Rxa3 Rxa3 23. bxa3 Qxa3 24. Bxd5 $1 Nxd5 25. Rxd5 cxd5 26. Qxc8+ $11 {[%emt 0:00:30] KQ-KQ} Kg7 27. Qc7 Qd3 28. Qe5+ Kg8 29. Qe8+ Kg7 30. Qe5+ Kg8 {An even fight not without its subleties.  Weighted Error Value: White=0.03 (flawless) /Black=0.02 (flawless)} 1/2-1/2

[Event "Mongolian Championship Open 2022"]
[Site "Chingis Khentii"]
[Date "2022.05.15"]
[Round "1.4"]
[White "Amartuvshin, Ganzorig"]
[Black "Bilguun, Sumiya"]
[Result "0-1"]
[ECO "D36"]
[WhiteElo "2350"]
[BlackElo "2454"]
[Annotator "TA"]
[PlyCount "164"]
[EventDate "2022.05.12"]
[EventType "tourn"]
[EventCountry "MGL"]
[SourceTitle "playchess.com"]
[Source "ChessBase"]
[SourceQuality "1"]
[TimeControl "40/5400+30:1800+30"]

1. d4 d5 2. c4 e6 3. Nf3 c6 4. Bg5 Be7 5. Bxe7 Qxe7 6. e3 Nf6 7. Nc3 Nbd7 8. cxd5 exd5 9. Qc2 O-O 10. Bd3 Re8 11. O-O Nf8 12. Ne5 Ng4 13. Nxg4 Bxg4 14. Rab1 Rad8 {[%emt 0:00:30] [#] D36: Queen's Gambit Declined: Exchange Variation: Main line (5 Bg5 c6 6 Qc2).} 15. Ne2 $146 ({Predecessor:} 15. b4 a6 16. Na4 Rd6 17. Bf5 Bxf5 18. Qxf5 Ng6 19. Nc5 Nh4 20. Qe5 Rg6 21. Qxe7 Rxe7 22. Kh1 Rxg2 {0-1 (56) Khalid,A (2197)-Ghane Gardeh,S (2423) Abu Dhabi 2002}) 15... Bxe2 16. Qxe2 Ne6 {[%emt 0:00:30][%cal Oe6d4] The position is equal.} 17. Qg4 g6 18. h4 h5 19. Qg3 c5 20. dxc5 Nxc5 21. Bb5 Rf8 22. Rfd1 Ne4 23. Qf4 Rd6 $1 {[%emt 0:00:30] Strongly threatening ...Rf6.} 24. f3 Nc5 (24... Rf6 {is interesting.} 25. Qh6 Rb6 26. fxe4 Rxb5 27. exd5 Rb4) 25. Qg5 Qxg5 26. hxg5 Ne6 27. Rd2 Nxg5 28. Rbd1 Ne6 29. Bc4 d4 30. exd4 Rc8 31. Bb3 h4 32. Kf2 Nf4 33. Re1 Kf8 {[%emt 0:00:30] Inhibits Re7.} 34. Re4 g5 35. d5 Rc1 36. Re5 f6 37. Re3 b5 38. Rc3 Rxc3 39. bxc3 $11 {[%emt 0:00:30][%mdl 4096] Endgame KRB-KRN} Ke7 40. Ke3 Ra6 {[%emt 0:00:30] Black is more active.} (40... a5 $15 41. a3 Rd8) 41. Kd4 ({Much weaker is} 41. c4 bxc4 42. Bxc4 Rb6 $17) 41... Kd6 42. Ke4 Kc5 (42... Rb6 $1 $17) 43. Rc2 $1 Rd6 44. c4 b4 45. Kf5 a5 46. Kg4 Ng6 47. Kf5 Ne7+ 48. Ke4 (48. Kg4 $1 $11 {keeps the balance.}) 48... Nc8 $17 49. Kd3 (49. Rc1 $17) 49... Nb6 $19 50. a3 $2 (50. Re2 a4 51. Re8) 50... bxa3 51. Re2 Nd7 52. Kc3 Ne5 53. Ra2 a4 $1 54. Bxa4 Nxc4 55. Bb3 Ne3 56. Rxa3 Nxg2 {[%emt 0:00:30] Hoping for ...Rb6.} ({Inferior is} 56... Nxd5+ 57. Bxd5 Kxd5 58. Kd3 $17) 57. Ra5+ Kb6 58. Ra8 (58. Ra1 $142) 58... Ne1 59. f4 g4 60. Rb8+ (60. Re8 $142 Ng2 61. Bd1) 60... Kc7 61. Rh8 h3 62. Kc4 Rd7 {Threatens to win with ...Rg7.} 63. Ba4 Rg7 64. Bb5 Kb6 {...g3 is the strong threat.} 65. d6 {[%emt 0:01:00] aiming for d7.} g3 {White must now prevent ...g2.} 66. Rb8+ Rb7 $2 (66... Ka7 67. Re8 h2) 67. Ra8 Rg7 (67... Rh7 $142 68. Rb8+ Rb7) 68. Rb8+ $1 Ka7 $1 69. Re8 {[%emt 0:00:30] [#]} h2 $1 70. Bc6 {[%emt 0:00:30] [#]} Kb6 $2 71. Bd5 $11 g2 72. Rb8+ Ka6 73. Ra8+ $2 (73. Rb2 $11) 73... Ra7 $19 {Black is clearly winning.} ({Worse is} 73... Kb6 74. Rb8+ Ka7 75. Ra8+ Kb6 76. Rb8+ $11) 74. Bxg2 Nxg2 {[%emt 0:01:00] KRN-KR} 75. Rh8 Kb6 76. Kd5 Nxf4+ 77. Ke4 Ra4+ 78. Kf5 Kc6 79. Kxf6 Ra2 80. Rh6 Rf2 81. Ke7 Nd5+ 82. Ke8 Nf6+ {[%emt 0:00:30] Weighted Error Value: White=0.27 (precise) /Black=0.10 (very precise)} 0-1

[Event "Mongolian Championship Open 2022"]
[Site "Chingis Khentii"]
[Date "2022.05.15"]
[Round "1.5"]
[White "Enkhnar, Enkhbaatar"]
[Black "Agibileg, Uurtsaikh"]
[Result "1-0"]
[ECO "B44"]
[WhiteElo "2368"]
[BlackElo "2440"]
[Annotator "TA"]
[PlyCount "99"]
[EventDate "2022.05.12"]
[EventType "tourn"]
[EventCountry "MGL"]
[SourceTitle "playchess.com"]
[Source "ChessBase"]
[SourceQuality "1"]
[TimeControl "40/5400+30:1800+30"]

1. e4 c5 2. Nf3 e6 3. d4 cxd4 4. Nxd4 Nc6 5. c4 Nf6 6. Nc3 Bb4 7. Nxc6 bxc6 8. Bd3 e5 9. O-O Bc5 {[%emt 0:01:00] B44: Sicilian: Taimanov: 5 Nb5.} 10. Qe2 {[%emt 0:00:30] 10.Re1 might become the main line.} d6 11. Be3 Nd7 {[%emt 0:01:00] White has an edge.} 12. Rad1 {[%emt 0:00:30] [#]} (12. Na4 $5 ) 12... Bd4 $146 ({Predecessor:} 12... O-O 13. Bc2 Rb8 14. b3 Qf6 15. Na4 Bd4 16. Qd2 c5 17. Nc3 Bb7 18. Ne2 Rfe8 {0-1 (73) Haghayegh,J (2054)-Harutjunyan,G (2468) Esfahan 2011}) 13. Bb1 c5 14. f4 O-O 15. Kh1 Bb7 16. f5 f6 (16... Bxc3 $11 {keeps the balance.} 17. bxc3 Qe7) 17. Rf3 {White is more active.} ({White should try} 17. Rd3 $16) 17... Rf7 (17... Bxc3 $14 18. bxc3 Qc7) 18. Bc1 $16 Bc6 19. g4 g5 {[%emt 0:00:30] White stays focused until the end.} (19... a5 $14) 20. fxg6 hxg6 21. Nd5 {[%emt 0:00:30] Against Qe7} Rh7 {[%emt 0:00:30] [#]} (21... Bxd5 $16 22. exd5 e4 23. Qxe4 (23. Bxe4 Ne5 $16) 23... Ne5) 22. Rdf1 $1 $18 Kg7 (22... Bxd5 23. exd5 e4 24. Qxe4 Nf8) 23. g5 Bxd5 24. gxf6+ (24. cxd5 Kf7 25. Rg3 Qc7 $18) 24... Kf7 (24... Nxf6 $142 25. Rxf6 (25. cxd5 Nh5 $14) (25. exd5 e4 $16) 25... Qxf6 26. Rxf6 Bxc4 27. Qxc4 Kxf6) 25. exd5 {[%emt 0:00:30][%cal Ob1g6] Threatening mate with Bxg6+!} Qh8 {[%emt 0:00:30] [#]} 26. Bxg6+ Kxg6 27. f7 Kg7 28. f8=Q+ Qxf8 29. Rxf8 Nxf8 30. Qg4+ Kh8 31. Qe2 Kg7 $1 32. Qd1 Nd7 33. Qe2 $2 ({Better is} 33. Qg4+ $18 Kh8 34. Qe6) 33... Rf8 $2 (33... Nf8 $11 34. Bg5 e4 35. Qxe4 Ng6) 34. Qg4+ Kh8 35. Rxf8+ Nxf8 36. Qc8 Kg8 37. Bg5 e4 38. Qe8 Rf7 39. Be7 e3 40. Bxd6 Kg7 41. Be5+ Kg6 42. Bxd4 cxd4 {[%emt 0:00:30][%mdl 4096] Endgame KQ-KRN} 43. Qe4+ Kh5 44. d6 Nd7 45. Qd5+ Kg6 46. Qxd4 Rf1+ 47. Kg2 Rf2+ 48. Kg1 {Intending Qg4+ and mate.} Rd2 49. Qg4+ Kh6 50. Qxd7 {Weighted Error Value: White=0.40/Black=0.50} 1-0

[Event "Mongolian Championship Open 2022"]
[Site "Chingis Khentii"]
[Date "2022.05.15"]
[Round "1.6"]
[White "Munkhgal, Gombosuren"]
[Black "Amilal Munkhdalai"]
[Result "1-0"]
[ECO "E04"]
[WhiteElo "2502"]
[BlackElo "2033"]
[Annotator "TA"]
[PlyCount "81"]
[EventDate "2022.05.12"]
[EventType "tourn"]
[EventCountry "MGL"]
[SourceTitle "playchess.com"]
[Source "ChessBase"]
[SourceQuality "1"]
[TimeControl "40/5400+30:1800+30"]

1. d4 Nf6 2. c4 e6 3. g3 d5 4. Bg2 dxc4 5. Nf3 Bd7 6. Ne5 Bc6 7. Nxc6 Nxc6 8. e3 Qd7 {E04: Open Catalan: 5 Nf3.} 9. O-O {[%emt 0:00:30][%mdl 1024] White has compensation.} O-O-O {[%emt 0:02:00] is the legacy move (9...Rd8).} 10. Nc3 Nd5 {[%emt 0:00:30] White is slightly better.} 11. Bd2 h5 12. b3 $1 cxb3 {[%emt 0:01:00] [#]} 13. Qxb3 $146 ({Predecessor:} 13. Nxd5 exd5 14. Qxb3 Ne7 15. Rab1 c6 16. Rfc1 Kb8 17. e4 dxe4 18. Bxe4 f5 19. Bg2 g6 20. d5 Rc8 21. Bf4+ Ka8 22. dxc6 Nxc6 23. Rd1 {1-0 (23) Firouzja,A (2558)-Gholami Orimi,M (2299) Bushehr 2018}) 13... Na5 14. Qc2 Nc4 15. Ne4 (15. Nb1 $5 Nxd2 16. Nxd2 $11) 15... Na3 16. Qc1 (16. Qb3 $14 Qb5 17. Ng5) 16... Be7 17. Nc5 Bxc5 18. Qxc5 Qa4 19. e4 $132 {[%emt 0:01:00][%mdl 2048] White has counterplay} b6 20. Qc1 Nb4 (20... Nf6 $15) 21. Bxb4 $16 (21. Bf4 Nac2 22. d5 exd5 $17) 21... Qxb4 {[%emt 0:01:00] [#]} 22. d5 (22. e5 $1 $16 {Black must now prevent Qc6.} Qa4 23. Qc3 Rxd4 24. Rac1 (24. Qf3 Rd5 $16)) 22... e5 (22... Kb8 $11) 23. Qg5 (23. Rd1 $1 $14) 23... Nc2 $11 24. Rac1 Nd4 25. Qxe5 Ne2+ 26. Kh1 Nxc1 27. Rxc1 (27. Bh3+ Kb8 28. Rxc1 Qd6 29. Qxg7 h4 $15) 27... Qd6 28. Qxg7 h4 $1 {[%emt 0:00:30] Hoping for ...Rdg8.} 29. e5 (29. Qxf7 $2 hxg3 30. Qf5+ Kb8 $19) 29... Qa3 {[#]} (29... Qg6 $11 {keeps the balance.} 30. Qxg6 fxg6) 30. Qg4+ $1 $16 Kb8 31. Qc4 {[%emt 0:00:30] The board is on fire. White is more active.} Rc8 {[%emt 0:00:30] ...hxg3 is the strong threat.} 32. Kg1 {[%emt 0:00:30] Threatens to win with Qc6.} c6 $2 {[%emt 0:00:30] Loses the game.} (32... Qe7 $16 {keeps fighting.}) 33. d6 $18 (33. dxc6 Rc7 $14) 33... hxg3 (33... h3 $142) 34. hxg3 Qb2 (34... Rhd8 $142 35. Bh3 Rh8) 35. Rd1 b5 $2 (35... Rhd8 36. Qe4 (36. Qxf7 $2 Rf8 $19) (36. Bxc6 Qxe5 37. d7 Rc7 $15) 36... Qxa2) 36. Qe4 Rhd8 37. Rb1 Qc3 {[%emt 0:00:30] [#]} 38. Rxb5+ $3 Ka8 39. Rb1 {[%emt 0:00:30] Qa4 would kill now.} f6 40. exf6 Rxd6 41. Qe7 {[%emt 0:30:30] Weighted Error Value: White=0.16 (very precise) /Black=0.57} 1-0

[Event "Mongolian Championship Open 2022"]
[Site "Chingis Khentii"]
[Date "2022.05.15"]
[Round "2.1"]
[White "Bilguun, Sumiya"]
[Black "Enkhnar, Enkhbaatar"]
[Result "1/2-1/2"]
[ECO "B23"]
[WhiteElo "2454"]
[BlackElo "2368"]
[Annotator "TA"]
[PlyCount "123"]
[EventDate "2022.05.12"]
[EventType "tourn"]
[EventCountry "MGL"]
[SourceTitle "playchess.com"]
[Source "ChessBase"]
[SourceQuality "1"]
[TimeControl "40/5400+30:1800+30"]

1. e4 c5 2. Nc3 e6 3. f4 Nc6 4. Nf3 d5 5. Bb5 d4 6. Bxc6+ bxc6 7. Nb1 {[%emt 0:00:30] B23: Closed Sicilian: Lines without g3.} c4 8. Ne5 {[%emt 0:00:30] [#]} Bd6 $146 ({Predecessor:} 8... Nf6 9. Qf3 d3 10. cxd3 cxd3 11. Nxd3 Ba6 12. Ne5 Bd6 13. d3 O-O 14. O-O Bxe5 15. fxe5 {0-1 (51) Schuetz,P (2040)-Musil,V (2210) Prievidza 1998}) 9. Nxc4 {[%emt 0:00:30] White has an edge.} Bxf4 10. Qf3 Bc7 11. O-O $1 f6 {[%emt 0:00:30] [#]} (11... Qd7 $1 $14) 12. Qh5+ $1 $16 g6 13. Qc5 $36 {[%mdl 2048] White has strong initiative.} Bb7 14. d3 e5 {Against Bf4} 15. b3 {[%emt 0:00:30] 0x0.001a2c98d68adp-1022s more active pieces.} Qe7 16. Ba3 {[%emt 0:00:30] And now Qxe7+ would win.} Qxc5 17. Bxc5 h5 18. Nbd2 Kd7 19. Nf3 Rh7 20. Nh4 Rg7 21. Rf3 Ba6 22. Rg3 {[%emt 0:00:30][%cal Oh4f5] Black must now prevent Nf5!} g5 23. Nf5 {[%emt 0:00:30] Inhibits Nh6.} Rh7 24. Nd2 {[%emt 0:00:30] Pair of Knights!} Ba5 25. b4 Bd8 26. Rf3 Nh6 27. Nxh6 Rxh6 28. Bf8 Rg6 29. Nb3 Ke8 30. Bd6 Bc8 31. Rff1 Rg7 32. Rfc1 (32. Rab1 {is interesting.} Kd7 33. Bc5 Ke6 34. Na5) 32... Rd7 33. Bc5 Rb7 34. c3 dxc3 35. Rxc3 Be6 36. Na5 Bxa5 37. bxa5 Rb5 38. Rf1 f5 ({Resist} 38... Kf7 39. d4 $16) 39. exf5 Bd5 40. d4 exd4 41. Bxd4 Kf7 42. Re3 Re8 43. Rxe8 Kxe8 $11 {[%emt 0:01:00][%mdl 4096] Endgame KRB-KRB} 44. Re1+ Kf7 45. f6 {[%emt 0:00:30] Re7+ is the strong threat.} ({Much worse is} 45. Bxa7 Rxa5 46. Bb6 Rxa2 $17) 45... Be6 46. Bc3 a6 47. Kf2 Rf5+ 48. Ke3 Bxa2 49. h3 Be6 50. g4 Rc5 51. Bd4 Rxa5 52. gxh5 Ra3+ 53. Ke4 Rxh3 54. Rb1 {[%emt 0:01:00] Hoping for Rb7+.} Bb3 ({Don't do} 54... Rxh5 55. Rb7+ Kg6 56. Rg7+ Kh6 57. Ke5 $14) 55. Ke5 g4 56. Kd6 {[%emt 0:00:30] [#]} (56. Kf4 $11) 56... Rxh5 $1 $17 {[%emt 0:00:30] aiming for ...Rd5+.} 57. Be5 Rh3 58. Kxc6 Rf3 59. Rg1 Be6 60. Rg3 (60. Ra1 $15) 60... Rf5 (60... a5 $19 61. Kc5 a4) 61. Bc3 {[%emt 0:00:30] [#]} (61. Kd6 $15) 61... a5 ({Black should play} 61... Rb5 $1 $17 {Threatens to win with ...Bd5+.} 62. Re3 Rb3) 62. Rxg4 {[%emt 0:00:30] Weighted Error Value: White=0.13 (very precise) /Black=0.11 (very precise)} 1/2-1/2

[Event "Mongolian Championship Open 2022"]
[Site "Chingis Khentii"]
[Date "2022.05.15"]
[Round "2.2"]
[White "Agibileg, Uurtsaikh"]
[Black "Munkhgal, Gombosuren"]
[Result "1-0"]
[ECO "E24"]
[WhiteElo "2440"]
[BlackElo "2502"]
[Annotator "TA"]
[PlyCount "71"]
[EventDate "2022.05.12"]
[EventType "tourn"]
[EventCountry "MGL"]
[SourceTitle "playchess.com"]
[Source "ChessBase"]
[SourceQuality "1"]
[TimeControl "40/5400+30:1800+30"]

1. d4 Nf6 2. c4 e6 3. Nc3 Bb4 4. f3 c5 5. a3 Bxc3+ 6. bxc3 d6 {[%emt 0:00:30] 6...Nc6 gains popularity.} 7. e4 Nc6 8. Ne2 {[%emt 0:00:30][%cal Bg1e2,Be2c1,Bc1b3][%mdl 32] E24: Nimzo-Indian: Sämisch: Unusual Black 5th moves and 5...c5 sidelines.} b6 9. Bg5 h6 10. Bh4 {The position is equal.} e5 {[%emt 0:00:30] [#]} 11. d5 $146 {[%emt 0:01:00] aiming for Qa4.} ({Predecessor:} 11. Bf2 O-O 12. d5 Na5 13. Ng3 Ba6 14. Nf5 Nh5 15. f4 Nxf4 16. Bh4 f6 17. Qg4 Qc7 18. g3 h5 19. Qf3 {½-½ (19) Tauscher,K (2329)-Murlasits,M (2208) ICCF email 2020}) 11... Na5 12. Nc1 Ba6 (12... g5 $5 13. Bf2 Nh5 $11) 13. Nb3 Qd7 (13... Bxc4 $2 14. Nxa5 Bxf1 15. Nc6 $18) ({Not} 13... Nxc4 14. Nd2 $16 (14. Nxc5 Nb2 $11)) (13... Kf8 $11) 14. Bxf6 $16 gxf6 15. Nxa5 bxa5 16. Bd3 Rb8 17. O-O Rg8 18. Ra2 Ke7 19. f4 Rg6 20. fxe5 dxe5 21. Raf2 Rb6 22. Be2 a4 (22... Qh3 $16 {was called for.}) 23. Kh1 Rg5 24. Qd2 {[%emt 0:00:30] h4 is the strong threat.} Rg6 (24... Bc8 $142 25. h4 Rg8) 25. h4 $18 Rg3 26. Kh2 Rg6 27. Bh5 Bxc4 28. Bxg6 {[%emt 0:00:30] The board is on fire.} fxg6 29. Re1 h5 (29... g5 {is a better defense.} 30. Qe3 Qd6 31. hxg5 hxg5) 30. Qh6 Qe8 31. Re3 Qg8 32. Ref3 {[%emt 0:00:30][%cal Of3f6] Rxf6! would kill now.} Rd6 {[%emt 0:00:30] [#]} 33. Rxf6 $3 {[%emt 0:00:30][%mdl 512] White mates.} Rxf6 {[%emt 0:00:30] [#]} 34. Qg5 $1 Qg7 35. Qxe5+ Kf7 36. Qe6+ $1 {[%mdl 64] Deflection. White took control after the opening.  Weighted Error Value: White=0.06 (flawless) /Black=0.63} 1-0

[Event "Mongolian Championship Open 2022"]
[Site "Chingis Khentii"]
[Date "2022.05.15"]
[Round "2.3"]
[White "Boldoo, Erdenepurev"]
[Black "Gundavaa, Bayarsaikhan"]
[Result "0-1"]
[ECO "E52"]
[WhiteElo "2371"]
[BlackElo "2495"]
[Annotator "TA"]
[PlyCount "112"]
[EventDate "2022.05.12"]
[EventType "tourn"]
[EventCountry "MGL"]
[SourceTitle "playchess.com"]
[Source "ChessBase"]
[SourceQuality "1"]
[TimeControl "40/5400+30:1800+30"]

1. d4 Nf6 2. c4 e6 3. Nc3 Bb4 4. e3 d5 5. Bd2 O-O 6. Nf3 b6 7. cxd5 exd5 8. Bd3 Bb7 9. O-O a6 10. Rc1 Bd6 {[%emt 0:00:30] [#]} 11. a4 $146 {[%emt 0:00:30] E52: Nimzo-Indian: Rubinstein: 4...0-0 5 Nf3 d5 6 Bd3 b6.} ({Predecessor:} 11. Ne5 c5 12. Ne2 Nc6 13. Nxc6 Bxc6 14. dxc5 bxc5 15. Ng3 Bb5 16. Bc3 Bxg3 17. hxg3 Ne4 18. Qc2 Bxd3 19. Qxd3 {½-½ (43) Keymer,V (2591)-Alekseenko,K (2699) Biel 2021}) 11... c5 12. Bb1 Nc6 13. b3 ({White should play} 13. dxc5 $11 bxc5 14. e4) 13... Re8 14. Ne2 Ne4 15. Bc3 Nxc3 16. Rxc3 Rc8 17. dxc5 (17. Nf4 $15) 17... bxc5 $17 18. Rc1 Bf8 19. Ne1 Na5 20. Nf4 (20. Ba2 $142) 20... g6 21. Bc2 (21. Ba2 $17) 21... Bg7 22. Ned3 Qb6 (22... c4 $19 23. bxc4 dxc4) 23. Rb1 Qc7 {Black is more active.} 24. Qg4 d4 25. exd4 cxd4 26. Bd1 Qd6 {[%emt 0:02:00] Hoping for ...Rc3.} 27. Qg5 {[%emt 0:00:30] [#]} (27. Bf3 $142) 27... Qd8 (27... Rc3 $1 $17 {And now ...Nc6 would win.} 28. Rc1 (28. Qxa5 $2 Bh6 $19) (28. h4 f5) 28... Bf6 $1) 28. Qxd8 $11 Rexd8 29. Bf3 (29. b4 $1 $11 {remains equal.} Nc4 30. Nc5) 29... Bxf3 $17 30. gxf3 Rc3 {[%emt 0:00:30] Threatens to win with ...g5.} 31. b4 Nc4 $36 {[%emt 0:00:30][%mdl 2048] ...g5 is the strong threat. Black is really pushing.} 32. Rfd1 Bh6 $1 33. Kg2 $2 {[%emt 0:00:30] This costs White the game.} (33. b5 $17 {was necessary.}) 33... Bxf4 $19 34. Nxf4 d3 {[%cal Bd4d3,Bd3d2][%mdl 32] Prevents Ne2. White must now prevent ...d2.} 35. b5 {[%emt 0:00:30] [#]} axb5 36. axb5 d2 37. b6 {[#]} Nxb6 {[%emt 0:00:30][%mdl 512] aiming for ...Na4.} 38. Ne2 Rc6 39. Rb4 Nc4 40. Nc3 Rd4 41. Kg3 Rd3 42. Nb1 Kg7 43. Kg2 g5 44. Kf1 (44. Rb5 $142) 44... Rxf3 {[%emt 0:32:00][%cal Oc6f6] Strongly threatening ...Rcf6! Black is clearly winning.} 45. Nxd2 {[%emt 0:00:30] [#]} Rd3 46. Ke2 {[%emt 0:00:30] [#]} (46. Rb5 Rxd2) 46... Rxd2+ ({Not} 46... Ne5 47. Rb5 f6 48. Rxe5 Rxd2+ 49. Rxd2 $17) 47. Rxd2 {[%emt 0:00:30][%mdl 4096] Endgame KRR-KRN} Re6+ 48. Kd1 Nxd2 49. Kxd2 {KR-KR} Rh6 50. Rg4 Kf6 51. Rg2 Kf5 52. Ke3 Ra6 53. Rg1 Ra3+ 54. Ke2 Rh3 55. Rg2 g4 56. Kf1 (56. Rg1 $142 Rxh2 57. Rc1) 56... Ra3 {[%emt 0:01:30] Weighted Error Value: White=0.54/Black=0.15 (very precise)} 0-1